Map: Frozen Temple

Players

Fropez

  • Race: Protoss Protoss
  • League: Silver
  • Spawn Location: 5:00

Styles - Winner!

  • Race: Protoss Protoss
  • League: Silver
  • Spawn Location: 11:00

VOD

Have the link to the VOD?

Description

Time

  • Played on: May 11, 2016, 3:32 p.m.
  • Length: 4:21
Show
View Real Time Build Order
Export as new Build Order

Fropez Protoss 

Build Orders:  

Get SALT Encoding   

  12  0:01  Probe (Chrono Boost)  
  13  0:16  Pylon  
  13  0:35  Gateway  
  13  0:37  Probe (Chrono Boost)  
  14  0:47  Gateway  
  14  0:55  Pylon  
  15  0:57  Probe (Chrono Boost)  
  15  1:08  Probe (Chrono Boost)  
  16  1:18  Probe (Chrono Boost)  
  17  1:25  Pylon  
  17  1:29  Probe (Chrono Boost)  
  18  1:39  Probe (Chrono Boost)  
  19  1:47  Cybernetics Core  
  19  1:50  Probe (Chrono Boost)  
  19  1:51  Assimilator  
  20  1:55  Assimilator  
  20  2:00  Probe (Chrono Boost)  
  21  2:02  Pylon  
  21  2:13  Probe (Chrono Boost)  
  22  2:25  Pylon  
  22  2:31  Warp Gate (Chrono Boost)  
  22  2:43  Nexus  
  22  2:51  Pylon  
  22  3:11  Gateway  
  22  3:15  Pylon  
  23  3:23  Mothership Core  
  24  3:30  Adept  
  24  3:32  Adept  
  28  3:57  Gateway  
  32  4:04  Probe  
  32  4:05  Probe  
  34  4:20  Assimilator  
Show
View Real Time Build Order
Export as new Build Order

Styles Protoss - Winner!

Build Orders:  

Get SALT Encoding   

  12  0:23  Probe (Chrono Boost)  
  13  0:33  Probe (Chrono Boost)  
  14  0:42  Pylon  
  14  0:44  Probe (Chrono Boost)  
  15  1:16  Gateway  
  15  1:19  Gateway  
  15  1:20  Gateway  
  15  1:22  Gateway  
  15  1:28  Pylon  
  15  1:31  Pylon  
  15  1:35  Assimilator  
  15  2:12  Zealot x4  
  23  2:23  Cybernetics Core  
  23  2:28  Probe (Chrono Boost)  
  24  2:39  Zealot  
  26  3:16  Stalker x3  
  26  3:18  Zealot  
  34  3:41  Probe (Chrono Boost)  
  35  3:45  Zealot  
  35  3:47  Pylon  
  37  3:51  Probe (Chrono Boost)  
  37  3:52  Pylon  
  38  3:59  Assimilator  
  38  4:02  Probe (Chrono Boost)  
Tags
 
Matchup
PvP
Replay Pack
All Mines
Spawn Locations
Cross Positions
Add a new tag
Caveats
  • Supply blocks, unpowered buildings, or Contaminate may cause inaccurate times.
  • Supply counts are checked every 10 seconds.